 Dungeon Sprint DCSS version 0.17-a0-1311-gbcbd859 (webtiles) character file.

271 Kidiri the Covert (level 6, -16/32 HPs)
             Began as a Spriggan Enchanter on June 8, 2015.
             Demolished by a boulder beetle (42 damage)
             ... in the Dungeon (Sprint II: "The Violet Keep of Menkaure").
             The game lasted 00:02:16 (355 turns).

Kidiri the Covert (Spriggan Enchanter)               Turns: 355, Time: 00:02:16

Health: -16/32     AC:  3    Str:  4    XL:     6   Next: 2%
Magic:  4/16       EV: 24    Int: 17    God:
Gold:   486        SH:  0    Dex: 18    Spells: 5 memorised, 6 levels left

rFire  . . .     SeeInvis +     a - +1 dagger
rCold  . . .     Clarity  .     b - +1 robe
rNeg   . . .     SustAt   .     (shield restricted)
rPois  .         Gourm    .     (helmet restricted)
rElec  .         Spirit   .     (no cloak)
rCorr  .         Warding  .     (gloves unavailable)
rMut   .         NoTele   +     (boots unavailable)
MR     +....                    (no amulet)
Stlth  +++++.....               (no ring)
                                (no ring)

@: very quick, somewhat resistant to hostile enchantments, quite stealthy
A: unfitting armour, see invisible, herbivore 3, speed 3, slow metabolism 2
a: no special abilities


You were in the Dungeon.
You were not hungry.

You visited 1 branch You collected 486 gold pieces.

Inventory:

Hand weapons
 a - a +1 dagger (weapon)
Armour
 b - a +1 robe (worn)
Scrolls
 j - a scroll of blinking
Potions
 e - a potion of curing
 f - a potion of heal wounds
 g - a potion of haste
 h - 2 potions of magic
 i - a potion of berserk rage
Books
 c - a book of Maledictions

   Spells                             Type                      Level
   a - Corona                         Hexes                        1
   b - Ensorcelled Hibernation        Hexes/Ice                    2
   c - Confuse                        Hexes                        3
   d - Tukima's Dance                 Hexes                        3
   e - Dazzling Spray                 Conjuration/Hexes            3
Comestibles
 d - a bread ration


   Skills:
 + Level 2.8 Fighting
 * Level 5.9 Short Blades
 * Level 8.2 Dodging
 * Level 9.5 Stealth
 * Level 6.7 Spellcasting
 + Level 0.0 Conjurations
 + Level 5.9 Hexes
 + Level 2.6 Ice Magic


You had 6 spell levels left.
You knew the following spells:

 Your Spells              Type           Power        Failure   Level  Hunger
a - Corona                Hex            ####...      1%          1    None
b - Ensorcelled Hibernat  Hex/Ice        ###...       3%          2    None
c - Confuse               Hex            ####....     3%          3    ##.....
d - Tukima's Dance        Hex            ####....     3%          3    ##.....
e - Dazzling Spray        Conj/Hex       ###.....     12%         3    ##.....


Dungeon Overview and Level Annotations

Branches:
Dungeon (1/1)

Altars:


Innate Abilities, Weirdness & Mutations

You are tiny and cannot use many weapons and most armour.
You have supernaturally acute eyesight.
You are a herbivore.
You cover ground extremely quickly.
You need consume almost no food.


Message History

The boulder beetle is outlined in light.
The boulder beetle closely misses you.
You hit the boulder beetle but do no damage.
The boulder beetle is heavily wounded.
You hit the boulder beetle but do no damage.
The boulder beetle is heavily wounded.
The boulder beetle twitches its antennae in your direction.
You hit the boulder beetle but do no damage.
The boulder beetle is heavily wounded.
The boulder beetle completely misses you.
The boulder beetle curls into a ball and starts rolling!
You hit the boulder beetle but do no damage.
The boulder beetle is heavily wounded.
The boulder beetle smashes into the boulder beetle!
The boulder beetle stops rolling.
You hit the boulder beetle but do no damage.
The boulder beetle is almost dead.
The boulder beetle bites you!!!
Ouch! That really hurt!
You die...

## ## ##. $##
#.ยง ..#
####B#.# #
##.###B# n##
#.#.##@##.n.#
+##.'.<.+#
#..##.##.n.#
#.###+## n##
####.#.## #
#.##..#
###..## #+##


You could see 2 boulder beetles.

Vanquished Creatures
  4 brain worms (D)
  3 worms (D)
7 creatures vanquished.

Notes
Turn   | Place    | Note
--------------------------------------------------------------
     0 | D        | Kidiri the Spriggan Enchanter began the quest for the Orb.
     0 | D        | Reached XP level 1. HP: 9/9 MP: 5/5
     1 | D        | Noticed a boulder beetle
     1 | D        | Noticed a boulder beetle
    24 | D        | Reached skill level 5 in Stealth
    24 | D        | Reached XP level 2. HP: 14/14 MP: 5/7
    43 | D        | Learned a level 2 spell: Ensorcelled Hibernation
    46 | D        | Noticed a necrophage
    46 | D        | Noticed a necrophage
    46 | D        | Noticed a necrophage
    46 | D        | Noticed a necrophage
    50 | D        | Noticed a brain worm
    50 | D        | Noticed a brain worm
    50 | D        | Noticed a brain worm
    50 | D        | Noticed a brain worm
    52 | D        | Killed a brain worm
    52 | D        | Reached skill level 1 in Fighting
    52 | D        | Reached skill level 5 in Dodging
    52 | D        | Reached skill level 7 in Stealth
    52 | D        | Reached skill level 1 in Ice Magic
    52 | D        | Reached XP level 3. HP: 16/18 MP: 8/10
    52 | D        | Reached XP level 4. HP: 20/23 MP: 8/11
    54 | D        | Killed a brain worm
    54 | D        | Reached skill level 8 in Stealth
    54 | D        | Reached skill level 5 in Spellcasting
    54 | D        | Reached skill level 5 in Hexes
    54 | D        | Reached XP level 5. HP: 22/26 MP: 9/14
    76 | D        | Killed a brain worm
    76 | D        | Reached skill level 5 in Short Blades
    76 | D        | Reached skill level 9 in Stealth
    79 | D        | Killed a brain worm
    79 | D        | Reached XP level 6. HP: 12/32 MP: 2/16
   280 | D        | Learned a level 3 spell: Confuse
   284 | D        | Learned a level 3 spell: Tukima's Dance
   288 | D        | Learned a level 3 spell: Dazzling Spray
   355 | D        | Demolished by a boulder beetle

Vault maps used:
D:        the_violet_keep_of_menkaure

Action                   |  1- 3 |  4- 6 || total
-------------------------+-------+-------++-------
Melee: Dagger            |    12 |    25 ||    37
 Cast: Corona            |     1 |     3 ||     4
       Ensorcelled Hiber |       |    10 ||    10
 Stab: Sleeping          |     4 |     3 ||     7
